 Dungeon Crawl Stone Soup version 0.31-a0-231-g51bb95cda3 (webtiles) character file.

Game seed: 2768266290053752592

96 qw the Shooter (level 4, 0/39 HPs)
             Began as a Minotaur Hexslinger on July 6, 2023.
             Slain by an orc
             ... wielding a +0 club
              (5 damage)
             ... on level 3 of the Dungeon.
             The game lasted 00:00:40 (1585 turns).

qw the Shooter (Minotaur Hexslinger)                Turns: 1585, Time: 00:00:40

Health: 0/39       AC:  2    Str: 11 (12) XL:     4   Next: 41%
Magic:  4/4        EV: 12    Int:  8 (10) God:
Gold:   98         SH:  0    Dex: 12 (15) Spells: 4/5 levels left

rFire   + . .        Y - +1 sling
rCold   + . .        (no shield)
rNeg    . . .        c - +0 robe
rPois   .            (helmet restricted)
rElec   .            g - scarf {rC+ rF+}
rCorr   .            (no gloves)
SInv    .            (no boots)
Will    .....        (no amulet)
Stlth   +            (no ring)
HPRegen 1.06/turn    (no ring)
MPRegen 0.09/turn

%: no passive effects
@: no status effects
A: horns 2, retaliatory headbutt, deterioration 1, regeneration 1, robust 1
a: no special abilities


You were on level 3 of the Dungeon.
You visited 1 branch of the dungeon, and saw 3 of its levels.

You collected 98 gold pieces.


Innate Abilities, Weirdness & Mutations

You have a pair of horns on your head.
You reflexively headbutt those who attack you in melee.
Your body sometimes deteriorates upon taking damage.
Your natural rate of healing is unusually fast.
You are robust. (+10% HP)


   Skills:
 + Level 2.0 Fighting
 - Level 5.0 Ranged Weapons
 - Level 2.1 Dodging
 - Level 1.0 Spellcasting
 - Level 2.0 Hexes


You had 4 spell levels left.
You knew the following spells:

 Your Spells              Type           Power      Damage    Failure   Level
a - Slow                  Hex            12%        N/A       17%         1

Your spell library contained the following spells:

 Spells                   Type           Power      Damage    Failure   Level
 Inner Flame              Hex/Fire       2%         N/A       61%         3
 Portal Projectile        Hex/Tloc       4%         N/A       61%         3
 Cause Fear               Hex            1%         N/A       86%         4

Inventory:

Hand Weapons
 Y - a +1 sling (weapon)
Armour
 c - a +0 robe (worn)
 g - a scarf of resistance (worn)
Scrolls
 f - a scroll of immolation {unknown}
Potions
 a - a potion of curing {unknown}
 b - 3 potions of mutation
 d - a potion of haste {unknown}
 e - a potion of might {unknown}
 h - a potion of lignification {unknown}
 i - a potion of enlightenment {unknown}
 j - a potion of brilliance {unknown}

Dungeon Overview and Level Annotations

Branches:
Dungeon (3/15)

Altars:
Xom


Message History

Your body deteriorates!
You feel clumsy.
You shoot a sling bullet.
The sling bullet closely misses the orc.
The orc hits you with a +0 short sword.
An orc comes into view. It is wielding a +0 whip.
The orc hits you with a +0 hand axe!
You shoot a sling bullet. The sling bullet barely misses the orc.
The orc shouts!
The orc barely misses you. You furiously retaliate!
You headbutt the orc!
You kill the orc!
The orc completely misses you.
You shoot a sling bullet.
The sling bullet closely misses the orc.
The orc closely misses you.
You shoot a sling bullet. The sling bullet barely misses the orc.
The orc closely misses you. The orc hits you with a +0 hand axe.
You shoot a sling bullet.
The sling bullet closely misses the orc.
The orc closely misses you. The orc hits you with a +0 hand axe.
The orc misses you. The orc hits you with a +0 hand axe.
You shoot a sling bullet.
The sling bullet completely misses the orc.
The orc hits you with a +0 whip. The orc hits you with a +0 hand axe!
You shoot a sling bullet. The sling bullet hits the orc.
The orc is heavily wounded.
The orc barely misses you. The orc closely misses you. You furiously retaliate!
You headbutt the orc. You shoot a sling bullet.
The sling bullet barely misses the orc.
The orc hits you with a +0 whip. The orc barely misses you.
You furiously retaliate!
You headbutt the orc, but do no damage. You shoot a sling bullet.
The sling bullet hits the orc!
You kill the orc!
Your Ranged Weapons skill increases to level 5!
You shoot a sling bullet. The sling bullet hits the orc.
The orc is severely wounded.
The orc hits you with a +0 whip. The orc hits you with a +0 club.
You shoot a sling bullet. The sling bullet hits the orc.
The orc is almost dead.
The orc barely misses you. x2; The orc hits you with a +0 club.
You die...

##### # ..>..#
#
#.###..#.#..#.
#.....oo......
#@# #.# #.#
#.#
########.#####
.............#
.............#
.............#
######..#####


You could see 2 orcs.

Vanquished Creatures
  Terence (D:2)
  2 adders (D:2)
  2 dart slugs
  3 orcs (D:3)
  4 endoplasms
  4 giant cockroaches (D:1)
  6 goblins
  4 hobgoblins
  3 kobolds (D:1)
  3 quokkas
  2 ball pythons
  3 bats (D:1)
  2 frilled lizards (D:1)
  6 rats
45 creatures vanquished.

Notes
Turn   | Place    | Note
-------+----------+-------------------------------------------
     0 | D:1      | qw the Minotaur Hexslinger began the quest for the Orb.
     0 | D:1      | Reached XP level 1. HP: 16/16 MP: 1/1
     0 | D:1      | 0 ||| qw: Version: 0.3-a-46-gb1f654a
     0 | D:1      | 0 ||| qw: Game counter: 1931
     0 | D:1      | 0 ||| qw: Melee chars always use a shield: true
     0 | D:1      | 0 ||| qw: God list: Okawaru
     0 | D:1      | 0 ||| qw: Allow faded altars: false
     0 | D:1      | 0 ||| qw: Do Orc after clearing Dungeon:15 true
     0 | D:1      | 0 ||| qw: Do second Lair branch before Depths: true
     0 | D:1      | 0 ||| qw: Lair rune preference: random
     0 | D:1      | 0 ||| qw: Goals: Normal
     0 | D:1      | 0 ||| PLANNING D:1-11
   238 | D:1      | Reached skill level 3 in Ranged Weapons
   246 | D:1      | Reached XP level 2. HP: 20/23 MP: 2/2
   625 | D:1      | Reached XP level 3. HP: 29/29 MP: 3/3
   778 | D:1      | 778 ||| UPGRADING to scarf of resistance.
   783 | D:1      | 783 ||| READING scroll labelled MES KEOFIEH.
   784 | D:1      | 784 ||| DROPPING scroll of poison.
   822 | D:2      | Reached skill level 4 in Ranged Weapons
   832 | D:2      | Found a shimmering altar of Xom.
   937 | D:2      | Noticed Terence
   946 | D:2      | Killed Terence
   947 | D:2      | Reached XP level 4. HP: 26/36 MP: 4/4
  1254 | D:2      | 1254 ||| READING scroll labelled KARUL QOLELO.
  1318 | D:2      | 1318 ||| READING scroll labelled BUN YVUDONOCH.
  1319 | D:2      | 1319 ||| READING scroll labelled XOMEFFAONAEL.
  1420 | D:2      | 1420 ||| DRINKING 2 glowing sapphire potions.
  1420 | D:2      | Gained mutation: You are robust. (+10% HP) [potion of
                  | mutation]
  1420 | D:2      | Gained mutation: Your natural rate of healing is unusually
                  | fast. [potion of mutation]
  1420 | D:2      | Gained mutation: Your body sometimes deteriorates upon
                  | taking damage. [potion of mutation]
  1423 | D:2      | 1423 ||| DRINKING 2 black potions.
  1424 | D:2      | 1424 ||| DROPPING potion of degeneration.
  1582 | D:3      | HP: 7/39 [orc/+0 whip (5)]
  1584 | D:3      | Reached skill level 5 in Ranged Weapons
  1585 | D:3      | Slain by an orc

Levels and vault maps discovered:
D:1:      dpeg_arrival_stone_temple_mockup, layout_basic
D:2:      layout_rooms, basic_altar, uniq_terence
D:3:      layout_basic

Skill      XL: |  1  2  3  4 |
---------------+-------------+-----
Ranged Weapons | 3 4 5 |  5.0
Fighting       | 2 |  2.0
Dodging        | |  2.1
Spellcasting   | |  1.0
Hexes          | |  2.0

Action                     |  1- 3 |  4- 6 || total
---------------------------+-------+-------++-------
   Fire: Sling             |   111 |    28 ||   139
    Use: Scroll            |     1 |     3 ||     4
         Potion            |       |     2 ||     2
 Armour: Robe              |     3 |     1 ||     4
  Dodge: Dodged            |    32 |    21 ||    53

Table legend:
 A = Non-vault XP
 B = Vault XP
 C = Vault XP percentage of total XP
 D = Non-vault monster count
 E = Vault monster count
 F = Vault count percentage of total count
                 A         B        C        D         E       F
            +---------+---------+-------+---------+---------+-------
      Total |     102 |      36 |  26.1 |      44 |       1 |   2.2
            +---------+---------+-------+---------+---------+-------
        D:1 |      42 |       0 |   0.0 |      27 |       0 |   0.0
        D:2 |      49 |      36 |  42.4 |      13 |       1 |   7.1
        D:3 |      11 |       0 |   0.0 |       4 |       0 |   0.0
            +---------+---------+-------+---------+---------+-------
